[Event "Karel Janecek Open 2024"]
[Site "Prague"]
[Date "2024.03.02"]
[Round "4.6"]
[White "Stoyanov, Tsvetan"]
[Black "Kalogeris, Ioannis"]
[Result "1-0"]
[ECO "A29"]
[WhiteElo "2465"]
[BlackElo "2427"]
[Annotator "RC"]
[PlyCount "93"]
[EventDate "2024.02.22"]
[EventType "swiss"]
[EventCountry "CZE"]
[SourceTitle "playchess.com"]
[Source "ChessBase"]
[SourceQuality "1"]
[TimeControl "40/5400+30:1800+30"]

1. c4 e5 2. Nc3 Nf6 3. Nf3 Nc6 4. g3 d5 5. cxd5 Nxd5 6. Bg2 Nb6 7. O-O Be7 8. a3 Be6 9. d3 O-O 10. b4 a5 11. b5 Nd4 12. Bb2 a4 13. Nxe5 Bf6 14. Nf3 Nxb5 15. Qc1 Nxc3 16. Bxc3 Bxc3 17. Qxc3 Nd5 18. Qb2 Rb8 19. Rfc1 Ne7 20. Rab1 Qd6 21. Nd4 Bd7 22. Qb4 Rfc8 23. Qxd6 cxd6 24. Rxc8+ Rxc8 25. Bxb7 Rc3 26. Ba6 g6 27. Bb5 Bxb5 28. Nxb5 Rc2 29. Kf1 Nc6 30. Nxd6 Ra2 31. Nc4 Nd4 32. e3 Nb3 33. Kg2 Kg7 34. h4 h5 35. Rb2 Ra1 36. Rc2 Kf6 37. Rc3 Ra2 38. Nb6 Na1 39. Nxa4 Nc2 40. d4 Nxa3 41. Nb6 Nc2 42. Nd7+ Kf5 43. Ne5 f6 44. Nf3 Nb4 45. Ne1 Ke4 46. Rc8 Re2 47. Rb8 1-0

[Event "Karel Janecek Open 2024"]
[Site "Prague"]
[Date "2024.03.02"]
[Round "4.7"]
[White "Muthaiah AL"]
[Black "Neuman, Petr"]
[Result "0-1"]
[ECO "A48"]
[WhiteElo "2464"]
[BlackElo "2398"]
[Annotator "TA"]
[PlyCount "104"]
[EventDate "2024.02.22"]
[EventType "swiss"]
[EventCountry "CZE"]
[SourceTitle "playchess.com"]
[Source "ChessBase"]
[SourceQuality "1"]
[TimeControl "40/5400+30:1800+30"]

1. d4 Nf6 2. Nf3 g6 3. Bf4 Bg7 4. e3 d6 5. h3 O-O 6. Be2 Nc6 $1 {[%emt 0:01:18][%mdl 4] 6...Nc6 is the recent fashion.} 7. c3 {[%emt 0:02:06] A48: 1 d4 Nf6 2 Nf3 g6: Torre, London and Colle Systems.} Nd7 8. O-O e5 9. Bh2 b6 10. a4 Bb7 11. Nbd2 Qe7 12. Nc4 a5 $146 ({Predecessor:} 12... f5 13. a5 Rae8 14. axb6 axb6 15. Qb3 Kh8 16. dxe5 dxe5 17. Rfd1 g5 18. Ne1 f4 {0-1 Martini,B (2353)-Horvath,A (2481) HUN-ch rapid 2018 (3)}) 13. Re1 Kh8 14. Na3 f5 15. Nb5 Nf6 16. dxe5 Nxe5 17. Nxe5 dxe5 18. Qb3 Ne4 19. Qc2 Nc5 20. f3 Bd5 21. b4 Ne6 (21... Bb3 $2 22. Qb1 $18) 22. Rad1 Rfd8 23. Bg3 axb4 24. cxb4 c6 25. Nc3 ({Much worse is} 25. e4 cxb5 26. exd5 Nd4 27. Rxd4 exd4 28. Bxb5 Qxb4 $15) 25... Qxb4 26. Nxd5 cxd5 27. Qc6 Qd6 (27... Qxa4 $2 28. Qxe6 Qd7 29. Qxd7 (29. Qxb6 Rab8 $18) 29... Rxd7 30. Bb5 $18) 28. Bb5 Rac8 29. Qxd6 Rxd6 30. Rc1 Rcd8 31. e4 (31. Re2 $11) 31... dxe4 (31... fxe4 $1 $17 32. fxe4 d4) 32. fxe4 $15 f4 33. Bf2 Nd4 34. Rc7 g5 35. Bxd4 Rxd4 36. Rc6 (36. Re7 $1 $11) 36... Bf8 $17 37. Kf2 {[%emt 0:00:26] [#]} (37. Kf1 $15) 37... h5 (37... Rb4 $142 $1 38. Rc7 Bc5+ 39. Kf1 Rd2) 38. Kf3 $2 {[%emt 0:00:55] [#]} (38. Rxb6 $17 Bc5 39. Rc6 Rd2+ (39... Rxe4+ $2 {loses.} 40. Rxc5 Rd2+ 41. Re2 $18) 40. Kf1 Rf2+ 41. Kg1) 38... Rb4 $1 $19 39. Rec1 $2 (39. Rc2) 39... Rd2 $19 40. R1c2 Rb3+ 41. R6c3 Rxc2 42. Rxb3 Bc5 43. Be2 g4+ 44. hxg4 hxg4+ 45. Kxg4 Rxe2 46. Kf5 Bd4 47. g3 Re3 48. Rb1 Rxg3 49. a5 bxa5 50. Kf6 Kh7 51. Rh1+ Kg8 52. Rb1 f3 0-1

[Event "Karel Janecek Open 2024"]
[Site "Prague"]
[Date "2024.03.02"]
[Round "4.8"]
[White "Senthil Maran K"]
[Black "Isik, Alparslan"]
[Result "1/2-1/2"]
[ECO "D02"]
[WhiteElo "2275"]
[BlackElo "2452"]
[Annotator "TA"]
[PlyCount "69"]
[EventDate "2024.02.22"]
[EventType "swiss"]
[EventCountry "CZE"]
[SourceTitle "playchess.com"]
[Source "ChessBase"]
[SourceQuality "1"]
[TimeControl "40/5400+30:1800+30"]

1. d4 Nf6 2. Nf3 d5 3. g3 Bg4 4. Ne5 Bf5 5. c4 c6 6. cxd5 cxd5 7. Nc3 Nc6 8. f3 g6 9. e4 dxe4 10. Qb3 {[%emt 0:02:25][%csl Ge5][%cal Rb3f7] [#]} Nxe5 (10... Be6 {with more complications.} 11. Qxb7 Nxd4 12. Bb5+ Nxb5 13. Qxb5+ Nd7) 11. dxe5 Nd7 12. f4 Bg7 13. Be3 {[%emt 0:01:41][%cal Oa1d1][%mdl 1024] White has compensation.} O-O 14. Bg2 Qa5 15. O-O Nc5 16. Qc4 Nd3 17. Nxe4 Nxb2 18. Qb3 Na4 19. Rac1 Rac8 {[%emt 0:05:14] Dodges Nc5} 20. Qxb7 Bxe4 21. Bxe4 Nc5 22. Bxc5 (22. Qxe7 $2 {perishes.} Nxe4 23. Rxc8 Rxc8 $19) 22... Rxc5 23. Qxe7 Rxc1 24. Rxc1 Qd2 25. Qc5 {[%emt 0:01:28] Active counter play!} Rb8 {[%emt 0:00:07] [#] ...Rb2 would now be deadly.} 26. Qc2 Qd4+ 27. Kh1 Rb2 28. Rd1 Qb6 29. Qc6 {[%emt 0:02:07] Threatens to win with Qxb6.} Qf2 30. Rd8+ Bf8 31. Rxf8+ $1 {[%emt 0:00:03] The position is equal.} Kxf8 32. Qd6+ Kg8 (32... Kg7 $5 33. Qf6+ $8 Kg8 34. Qd8+ Kg7 35. Qf6+ Kg8 36. Qd8+ Kg7 37. Qf6+ $11) 33. Qd8+ Kg7 34. Qf6+ Kg8 35. Qd8+ {[%emt 0:00:07] Weighted Error Value: White=0.34/Black=0.04 (flawless) .  Missed win:     	---       	Black=1      Inaccurate:     	White=2     	Black=2      OK:         	White=13    	Black=14     Best:        	White=5     	Black=2      Strong:       	White=1     	---} 1/2-1/2

[Event "Karel Janecek Open 2024"]
[Site "Prague"]
[Date "2024.03.02"]
[Round "4.9"]
[White "Shagbazyan, Taron"]
[Black "Safarli, Eltaj"]
[Result "0-1"]
[ECO "E47"]
[WhiteElo "2403"]
[BlackElo "2604"]
[Annotator "TA"]
[PlyCount "126"]
[EventDate "2024.02.22"]
[EventType "swiss"]
[EventCountry "CZE"]
[SourceTitle "playchess.com"]
[Source "ChessBase"]
[SourceQuality "1"]
[TimeControl "40/5400+30:1800+30"]

1. d4 Nf6 2. c4 e6 3. Nc3 Bb4 4. e3 O-O 5. Bd3 Re8 6. Nf3 {[%emt 0:05:30] E47: Nimzo-Indian: Rubinstein: 5 Bd3 without ...d5.} d6 7. Bd2 e5 8. dxe5 dxe5 9. Bc2 $146 ({Predecessor:} 9. Qc2 Nbd7 10. Be2 c6 11. O-O Qe7 12. a3 Bd6 13. e4 a5 14. Rab1 b6 15. Bg5 {0-1 Daniel,A-Gehrke,K GER OS-019 email 2005}) 9... Nc6 10. a3 Bxc3 11. Bxc3 Qe7 12. Nd2 Bg4 13. f3 Bh5 14. O-O $1 Rad8 15. Qe1 Bg6 16. Bxg6 hxg6 17. Qe2 a5 18. Rfd1 a4 19. Nf1 Qe6 20. Bb4 g5 21. Qc2 (21. Bc3 $11) 21... e4 22. fxe4 Nxe4 23. Rac1 Nxb4 24. axb4 Qe5 25. c5 b5 26. cxb6 cxb6 27. Rxd8 Rxd8 28. Qxa4 Qxb2 29. Qc2 {[%emt 0:00:50] [#]} Qxc2 $1 (29... Qxb4 30. Rb1 Qe7 31. Rxb6 $16) 30. Rxc2 Rd1 31. g4 Rb1 32. Kg2 Rxb4 33. Rc8+ Kh7 34. Kf3 Nd6 35. Rc7 {[%emt 0:00:44] [#]} Nc4 $1 36. h3 Ne5+ 37. Ke2 Rb1 38. Nd2 Rh1 39. Nf3 $2 (39. Ne4 $17) 39... Nxf3 $19 40. Kxf3 Rxh3+ 41. Kg2 $2 (41. Ke2 Rh2+ 42. Kf3) 41... Rxe3 $19 42. Rxf7 (42. Rb7 $142) 42... Re5 $19 43. Kg3 b5 44. Rf8 g6 45. Rf6 $2 (45. Rf7+ $17 Kg8 46. Rd7) 45... Kg7 $19 46. Rb6 Kf7 47. Kf3 Ke7 48. Rxg6 Kd7 49. Rg8 Kc6 50. Rc8+ Kd5 51. Rd8+ Kc4 52. Rc8+ Rc5 53. Rb8 b4 54. Ke2 Kc3 55. Kd1 Rc4 56. Kc1 Kb3+ 57. Kd2 Rxg4 58. Rb5 Kb2 59. Rb8 b3 60. Rb5 Rg3 61. Rb8 Kb1 62. Rb5 b2 63. Rb8 Ka2 0-1

[Event "Karel Janecek Open 2024"]
[Site "Prague"]
[Date "2024.03.02"]
[Round "4.10"]
[White "Bernadskiy, Vitaliy"]
[Black "Svanda, Ondrej"]
[Result "1-0"]
[ECO "B58"]
[WhiteElo "2566"]
[BlackElo "2369"]
[Annotator "TA"]
[PlyCount "95"]
[EventDate "2024.02.22"]
[EventType "swiss"]
[EventCountry "CZE"]
[SourceTitle "playchess.com"]
[Source "ChessBase"]
[SourceQuality "1"]
[TimeControl "40/5400+30:1800+30"]

1. e4 c5 2. Nf3 d6 3. d4 cxd4 4. Nxd4 Nf6 5. Nc3 Nc6 6. Be2 e5 7. Nf3 h6 8. O-O Be7 9. b3 O-O 10. Bb2 a6 11. Qd2 Bg4 12. h3 Bxf3 13. Bxf3 {[%emt 0:00:14] The position is equal.} Nd4 14. Bd1 Qa5 15. Nb1 Qc5 16. Re1 b5 17. b4 Qc7 18. a4 Nd7 ({Better is} 18... Ne6 $11) 19. c3 Ne6 20. axb5 $1 axb5 21. Rxa8 Rxa8 22. Na3 Qc6 23. Bb3 {[%emt 0:01:07] [#] Bd5 would now be deadly.} Nc7 24. c4 bxc4 25. Nxc4 Nb6 (25... Nf8 $14) 26. Ne3 $16 Bg5 27. Rc1 Qd7 28. g3 Nb5 (28... Ne8 $14) 29. h4 Be7 (29... Bxe3 $16 {keeps fighting.} 30. Qxe3 Rb8) 30. Nd5 $18 Nxd5 31. Qxd5 ({Worse is} 31. exd5 Bxh4 32. gxh4 Qg4+ 33. Kh2 Qxh4+ 34. Kg2 Qg4+ 35. Kh2 Qh4+ 36. Kg1 Qg4+ 37. Kh2 Qh5+ 38. Kg3 Qg6+ 39. Kh2 Qh5+ 40. Kg3 Qg6+ 41. Kh2 Qh5+ $11) 31... Qe8 {[%emt 0:00:02] Black is weak on the light squares} 32. Kg2 Ra7 33. Rc6 Nc7 34. Qc4 Ne6 35. Rc8 {[%emt 0:02:46] Inhibits Ra8.} Bd8 36. Rb8 Qe7 {[%emt 0:02:59] [#]} 37. b5 {[%emt 0:03:53] White is more active.} (37. Qc6 $142 $1 {b5 is the strong threat.} Nf8 38. Qd5) 37... Rb7 $16 38. Ra8 $36 {[%emt 0:04:07][%mdl 2048] Black is under pressure.} Ra7 $2 {[%emt 0:00:14][%mdl 8192] Black cannot hold the game after this.} (38... Kh7 $1 $14) 39. Rxa7 $18 {[%emt 0:00:59] White is clearly winning.} Qxa7 40. Qc8 Qc7 41. Bxe6 fxe6 42. Qxe6+ {[%emt 0:00:13][%mdl 4096] Endgame. KQB-KQB} Kf8 43. Ba3 {[%emt 0:01:29] Wards off Qc5} Be7 44. Qd5 Ke8 45. Bb4 Kd7 46. h5 Qb6 47. Bd2 {[%emt 0:00:00] aiming for Be3.} Qc5 48. Be3 {[%emt 0:00:00] Weighted Error Value: White=0.15 (very precise) /Black=0.41.  Loses game:     	---       	Black=1      Mistake:       	White=1     	Black=4      Inaccurate:     	White=3     	Black=3      OK:         	White=17    	Black=14     Best:        	White=1     	Black=1      Strong:       	White=1     	---} 1-0

[Event "Karel Janecek Open 2024"]
[Site "Prague"]
[Date "2024.03.02"]
[Round "4.11"]
[White "Lohia, Sohum"]
[Black "Kourkoulos-Arditis, Stamatis"]
[Result "0-1"]
[ECO "C50"]
[WhiteElo "2354"]
[BlackElo "2547"]
[Annotator "TA"]
[PlyCount "138"]
[EventDate "2024.02.22"]
[EventType "swiss"]
[EventCountry "CZE"]
[SourceTitle "playchess.com"]
[Source "ChessBase"]
[SourceQuality "1"]
[TimeControl "40/5400+30:1800+30"]

1. e4 e5 2. Nf3 Nc6 3. Bc4 Bc5 4. d3 Nf6 5. Nc3 h6 6. a3 d6 7. Na4 Bb6 8. h3 O-O {[%emt 0:06:27] The position is equal.} 9. O-O Be6 10. Bxe6 fxe6 11. b4 Qe8 12. c3 Nb8 13. Nxb6 axb6 14. a4 b5 15. a5 b6 {[%emt 0:02:53] [#]} 16. a6 Rxa6 17. Rxa6 Nxa6 18. Be3 c5 19. Qb3 Nc7 20. Ra1 Qc6 21. c4 bxc4 22. Qxc4 Ra8 23. Rxa8+ Qxa8 24. bxc5 bxc5 ({Much worse is} 24... dxc5 25. Qc3 $11) 25. g4 Qa6 26. Qb3 Qb5 27. Qd1 Kf7 28. g5 hxg5 29. Bxg5 {[%emt 0:12:09] White is now going downhill.} Nce8 30. Qe2 c4 31. dxc4 Qb1+ 32. Kg2 Qxe4 {[%emt 0:00:18] Black is more active.} 33. Qxe4 ({White should play} 33. Be3) 33... Nxe4 $17 {[%emt 0:00:05][%mdl 4096] Endgame. KBN-KNN} 34. Be3 Kf6 35. Bb6 Ke7 36. Kf1 N8f6 37. Ke2 Nd7 38. Be3 Kf6 39. Kd3 (39. Nh2 $17) 39... d5 $19 40. cxd5 exd5 41. Ke2 Nf8 42. h4 g6 43. Nh2 Kf5 44. f3 Nf6 45. Nf1 Nh5 {[%emt 0:00:28] Against Ng3+} 46. Bh6 {[%emt 0:01:30] Ne3+ is the strong threat.} Nd7 47. Ne3+ Ke6 48. Ng4 Ng3+ 49. Kf2 Nf5 50. Bg5 d4 51. Ke2 Kd5 52. Nf6+ $2 (52. Nf2 $17) 52... Nxf6 53. Bxf6 {[%emt 0:00:01] [#] KB-KN} Ng3+ $1 54. Kd3 Nh5 55. Bg5 Nf4+ 56. Kd2 Ke6 (56... Nh3 $142 57. Be7 Ng1) 57. Ke1 Kf5 58. Kf1 Ke6 (58... d3 $142 59. Ke1 Ne6) 59. Ke1 $1 Kd5 $2 (59... Kd6 $19 {And now ...Kc5 would win.} 60. Bd8 Nh3) 60. Bf6 $2 (60. Kd2 $11) 60... Nh5 (60... Kd6 $142 61. Bd8 Ke6) 61. Bg5 $2 (61. Bd8) 61... Ng3 $2 (61... Kc4 62. Kd2 Ng3) 62. Bf6 $2 (62. Bd8 $19) 62... d3 {[%emt 0:01:43] ...e4 would now be deadly.} 63. Bg5 Kd4 {[%emt 0:02:00] Black mates.} 64. Bf6 Nf5 65. Kd2 {[%emt 0:00:42] [#]} Nd6 $1 66. Kd1 Nc4 67. f4 d2 68. fxe5 Kd3 69. Bg5 Nb2# {[%emt 0:00:04] Weighted Error Value: White=0.58/Black=0.60.  Loses game:     	White=2     	---        Missed win:     	---       	Black=1      Mistake:       	White=5     	---        Inaccurate:     	White=4     	Black=1      OK:         	White=19    	Black=20     Best:        	White=4     	Black=3} 0-1

[Event "Karel Janecek Open 2024"]
[Site "Prague"]
[Date "2024.03.02"]
[Round "4.12"]
[White "Heberla, Bartlomiej"]
[Black "Kusa, Jakub"]
[Result "0-1"]
[ECO "A17"]
[WhiteElo "2546"]
[BlackElo "2350"]
[Annotator "RC"]
[PlyCount "80"]
[EventDate "2024.02.22"]
[EventType "swiss"]
[EventCountry "CZE"]
[SourceTitle "playchess.com"]
[Source "ChessBase"]
[SourceQuality "1"]
[TimeControl "40/5400+30:1800+30"]

1. Nf3 d5 2. e3 Nf6 3. c4 e6 4. Nc3 c5 5. cxd5 Nxd5 6. Qc2 Be7 7. b3 Nc6 8. Bb2 O-O 9. a3 Bf6 10. h4 Nxc3 11. dxc3 h6 12. g4 Ne5 13. Nxe5 Bxe5 14. f4 Bc7 15. g5 e5 16. Bd3 c4 17. bxc4 Bg4 18. gxh6 exf4 19. Bh7+ Kh8 20. hxg7+ Kxg7 21. Bf5 Bf3 22. Rg1+ Kh8 23. e4 Rg8 24. Qf2 Rxg1+ 25. Qxg1 Qxh4+ 26. Kd2 Be5 27. Kc2 b6 28. Qf1 Qh2+ 29. Kb3 Be2 30. Qh1 Qxh1 31. Rxh1+ Kg7 32. Bc1 Rh8 33. Rxh8 Kxh8 34. Kc2 Bxc4 35. Kd2 Kg7 36. Bg4 Kg6 37. Be2 Be6 38. Bf3 Kg5 39. Kd3 Kh4 40. Bd2 Kg3 0-1

[Event "Karel Janecek Open 2024"]
[Site "Prague"]
[Date "2024.03.02"]
[Round "4.13"]
[White "Polak, Tomas"]
[Black "Jares, Michal"]
[Result "1-0"]
[ECO "D01"]
[WhiteElo "2525"]
[BlackElo "2314"]
[Annotator "RC"]
[PlyCount "107"]
[EventDate "2024.02.22"]
[EventType "swiss"]
[EventCountry "CZE"]
[SourceTitle "playchess.com"]
[Source "ChessBase"]
[SourceQuality "1"]
[TimeControl "40/5400+30:1800+30"]

1. d4 d5 2. Nc3 Nf6 3. Bg5 g6 4. Qd2 Bg7 5. Bh6 O-O 6. Bxg7 Kxg7 7. O-O-O c5 8. e3 Nc6 9. dxc5 Qa5 10. Bb5 e5 11. Nf3 Bg4 12. Bxc6 bxc6 13. Nxe5 Bxd1 14. Qd4 Qc7 15. Rxd1 Kg8 16. f4 Rfe8 17. g4 Nd7 18. Nxd7 Qxd7 19. e4 Qxg4 20. exd5 Rad8 21. d6 Qf3 22. b4 a6 23. Kb2 Qg4 24. a4 Rb8 25. b5 axb5 26. axb5 Qe6 27. b6 f5 28. Qa4 Qd7 29. Ra1 Rb7 30. h4 h5 31. Rg1 Kh7 32. Qd4 Re6 33. Ra1 Re8 34. Ra6 Reb8 35. Nd1 Qe6 36. Ne3 Re8 37. Nc4 Qe2 38. Ra3 Re4 39. Re3 Rxe3 40. Nxe3 Qb5+ 41. Kc1 Rd7 42. Kd2 Qa5+ 43. Qc3 Qb5 44. Qc4 Qb2 45. Qe6 Qd4+ 46. Ke2 Rg7 47. Qe5 Qb4 48. Qxg7+ Kxg7 49. d7 Qxf4 50. d8=Q Qh2+ 51. Kd3 f4 52. Qc7+ Kh6 53. b7 Qf2 54. Qe5 1-0

[Event "Karel Janecek Open 2024"]
[Site "Prague"]
[Date "2024.03.02"]
[Round "4.14"]
[White "Tan, Jun Ying"]
[Black "Kraus, Tomas"]
[Result "1/2-1/2"]
[ECO "D31"]
[WhiteElo "2310"]
[BlackElo "2484"]
[Annotator "RC"]
[PlyCount "193"]
[EventDate "2024.02.22"]
[EventType "swiss"]
[EventCountry "CZE"]
[SourceTitle "playchess.com"]
[Source "ChessBase"]
[SourceQuality "1"]
[TimeControl "40/5400+30:1800+30"]

1. d4 d5 2. c4 e6 3. Nc3 Bb4 4. a3 Bxc3+ 5. bxc3 Ne7 6. e3 c6 7. Nf3 b6 8. Bd3 Ba6 9. Qe2 Nd7 10. O-O Rc8 11. a4 O-O 12. Ba3 c5 13. cxd5 Bxd3 14. Qxd3 exd5 15. Rfd1 c4 16. Qc2 Re8 17. Nd2 Ng6 18. Qf5 Nf6 19. Rab1 Re6 20. Rb5 a6 21. Rb4 Qd7 22. Rdb1 Rce8 23. Qh3 h5 24. Nf3 Rc6 25. Qxd7 Nxd7 26. Nd2 f5 27. g3 Nh8 28. R4b2 Nf7 29. h4 Nh6 30. Nf3 Ng4 31. Ng5 Ngf6 32. Nh3 Kf7 33. Ng5+ Kg8 34. Nh3 g6 35. Kg2 Kf7 36. Ng5+ Kg8 37. Nh3 Kg7 38. Nf4 Kf7 39. Rc2 Ra8 40. Bc1 Nf8 41. Rcb2 Rb8 42. f3 Rb7 43. Kf2 Ne6 44. Rb4 Nxf4 45. gxf4 Rb8 46. Ba3 Nd7 47. Bc1 Re8 48. R4b2 Ree6 49. Rb4 Ke8 50. R4b2 Kd8 51. Rb4 Kc7 52. R4b2 Re8 53. Rb4 Rce6 54. R4b2 Rb8 55. Rb4 Rb7 56. Ba3 Rb8 57. Bc1 Nf6 58. Ba3 Rbe8 59. Bc1 Ng8 60. R4b2 Nh6 61. Re2 Nf7 62. Ba3 Nd8 63. Bb4 Nc6 64. Rbb2 Kb7 65. Rb1 Nd8 66. Ba3 Rc6 67. Bb4 Ne6 68. Ba3 Nc7 69. Bb4 Rce6 70. Ba3 Ka7 71. Bc1 Rb8 72. Reb2 Ne8 73. Re2 Nf6 74. Reb2 Nd7 75. Re2 Kb7 76. Ba3 Kc6 77. Reb2 Kc7 78. Re2 Rbe8 79. Bc1 Nb8 80. Ba3 Nc6 81. Bb4 Kb7 82. Rbb2 Kc8 83. Rb1 Kc7 84. Rbb2 Rb8 85. Rb1 Ree8 86. Reb2 Rb7 87. Re2 Na7 88. Reb2 Rbb8 89. Ba3 Re6 90. Re2 Rbe8 91. Bb4 a5 92. Ba3 Kb7 93. Bc1 Ka6 94. Reb2 Rb8 95. Rb5 Nxb5 96. Rxb5 Rd8 97. Ba3 1/2-1/2

[Event "Karel Janecek Open 2024"]
[Site "Prague"]
[Date "2024.03.02"]
[Round "4.15"]
[White "Maksimovic, Bojan"]
[Black "Cieslak, Patryk"]
[Result "1/2-1/2"]
[ECO "D42"]
[WhiteElo "2497"]
[BlackElo "2325"]
[Annotator "TA"]
[PlyCount "78"]
[EventDate "2024.02.22"]
[EventType "swiss"]
[EventCountry "CZE"]
[SourceTitle "playchess.com"]
[Source "ChessBase"]
[SourceQuality "1"]
[TimeControl "40/5400+30:1800+30"]

1. Nf3 c5 2. c4 Nc6 3. Nc3 Nf6 4. e3 e6 5. d4 d5 6. cxd5 Nxd5 7. Bd3 cxd4 8. exd4 Be7 9. O-O O-O 10. a3 Nxc3 11. bxc3 b6 12. Qc2 g6 13. Bh6 Re8 14. Rad1 Bb7 15. Be4 Qc7 16. c4 {[%emt 0:02:08] d5 is the strong threat.} Na5 17. Bxb7 Nxb7 18. Qe4 {[%emt 0:03:15] [#]} (18. Rd3 $11 {remains equal.}) 18... Bf6 (18... Rac8 $1 $17 {[%cal Ob7d6] White should prevent ...Nd6!} 19. c5 bxc5 20. dxc5 Nxc5) 19. Ne5 Bg7 20. Bxg7 Kxg7 21. Rc1 Rac8 22. Qe2 Nd6 23. c5 Nf5 24. Rfd1 Red8 25. Nf3 Rd5 26. Qb2 {[%emt 0:01:54] [#] Strongly threatening cxb6.} Qd8 27. h3 Kg8 28. cxb6 {[%emt 0:00:24] aiming for Rxc8. The position is equal.} Rxc1 29. Rxc1 Qxb6 30. Qxb6 axb6 $11 {[%emt 0:00:01][%mdl 4096] Endgame. KRN-KRN} 31. Rb1 Ra5 32. Rxb6 Rxa3 33. Rb8+ Kg7 34. Rb7 Nd6 35. Rd7 Ra6 36. Ng5 Kg8 37. Rd8+ Kg7 38. Rd7 Kg8 39. Rd8+ Kg7 {[%emt 0:00:04] Weighted Error Value: White=0.10 (very precise) /Black=0.10 (very precise) .  Mistake:       	White=1     	Black=1      Inaccurate:     	White=2     	---        OK:         	White=14    	Black=10     Best:        	---       	Black=2} 1/2-1/2

[Event "Karel Janecek Open 2024"]
[Site "Prague"]
[Date "2024.03.02"]
[Round "4.16"]
[White "Sorm, Daniel"]
[Black "Csonka, Balasz"]
[Result "0-1"]
[ECO "D35"]
[WhiteElo "2279"]
[BlackElo "2480"]
[Annotator "TA"]
[PlyCount "92"]
[EventDate "2024.02.22"]
[EventType "swiss"]
[EventCountry "CZE"]
[SourceTitle "playchess.com"]
[Source "ChessBase"]
[SourceQuality "1"]
[TimeControl "40/5400+30:1800+30"]

1. d4 Nf6 2. c4 e6 3. Nc3 d5 4. cxd5 Nxd5 5. e3 c5 6. Bd3 cxd4 7. exd4 g6 8. h4 {[%emt 0:07:34] The position is equal.} Bg7 9. h5 Nc6 10. Nf3 Qb6 11. h6 Bxd4 12. Nxd5 exd5 13. Qe2+ Be6 14. Nxd4 Qxd4 15. O-O O-O 16. Be3 Qg4 17. f3 (17. Qxg4 {simplifies} Bxg4 18. Rfe1 Rac8 19. f3) 17... Qh4 18. Qd2 a6 {[%emt 0:05:22] Inhibits Bb5.} (18... Qb4 {simplifies} 19. Rfd1 Qxd2 20. Rxd2 f6) 19. a3 Rfe8 20. b4 Ne5 21. Be2 f6 {[%emt 0:07:09] Repels Bg5} 22. Bf2 Qh5 23. g4 {[%emt 0:11:28] [#]} (23. Rfe1 $11 {keeps the balance.}) 23... Nxg4 $1 24. fxg4 Bxg4 25. Bd1 Bxd1 26. Qxd1 (26. Raxd1 $2 {perishes.} Qg4+ $19) 26... Qg5+ 27. Kh2 Qxh6+ 28. Kg2 Qg5+ 29. Bg3 Re3 {[%emt 0:00:23] Inhibits Qf3.} 30. Rf3 Rae8 31. Qf1 (31. Ra2 $17) 31... h5 $2 (31... Re2+ $19 {and Black stays clearly on top.} 32. Rf2 Qg4 33. Rxe2 Rxe2+ 34. Kh1 Rc2) 32. Rxe3 $17 Rxe3 $40 {[%emt 0:00:05][%mdl 128] Black wants a kill.} 33. Qf4 Qxf4 34. Bxf4 {[%emt 0:00:04][%mdl 4096] Endgame. KRB-KR} Rd3 35. Rc1 (35. Re1 $17 {was necessary.}) 35... g5 $1 $19 36. Rc8+ (36. Bb8 $17 {is a better defense.}) 36... Kf7 37. Rc7+ (37. Bb8 $142) 37... Ke6 38. Rxb7 $2 (38. Bh2) 38... gxf4 {[%emt 0:00:51] KR-KR. Black is clearly winning.} 39. Rb6+ Kf5 40. Rxa6 Kg4 41. Rxf6 Rxa3 {[%emt 0:05:44] [#] Hoping for ...Ra2+.} 42. Rg6+ Kf5 43. Rh6 Rb3 44. Rxh5+ Ke4 45. Rh8 Rb2+ (45... Rxb4 46. Re8+ Kd3 47. Kf3 $17) 46. Kf1 Rxb4 {[%emt 0:00:41] Weighted Error Value: White=0.59/Black=0.21 (precise) .  Loses game:     	White=1     	---        Missed win:     	---       	Black=1      Mistake:       	White=5     	---        Inaccurate:     	White=2     	Black=1      OK:         	White=16    	Black=14     Best:        	White=1     	Black=4      Strong:       	---       	Black=1} 0-1

[Event "Karel Janecek Open 2024"]
[Site "Prague"]
[Date "2024.03.02"]
[Round "4.17"]
[White "Smietanska, Wiktoria"]
[Black "Belenkaya, Dina"]
[Result "0-1"]
[ECO "B12"]
[WhiteElo "1968"]
[BlackElo "2202"]
[Annotator "RC"]
[PlyCount "63"]
[EventDate "2024.02.22"]
[EventType "swiss"]
[EventCountry "CZE"]
[SourceTitle "playchess.com"]
[Source "ChessBase"]
[SourceQuality "1"]
[TimeControl "40/5400+30:1800+30"]

1. e4 c6 2. d4 d5 3. Nd2 g6 4. e5 c5 5. c3 Nc6 6. Ndf3 Bg7 7. Bd3 cxd4 8. cxd4 Nh6 9. h3 Qa5+ 10. Bd2 Qb6 11. Bc3 O-O 12. Ne2 f6 13. exf6 Rxf6 14. Qb3 Qxb3 15. axb3 Bf5 16. Kd2 Be4 17. Bxe4 dxe4 18. Ng5 Rxf2 19. Nxe4 Rxg2 20. Ke1 Nf5 21. Rd1 e5 22. dxe5 Nxe5 23. Bxe5 Bxe5 24. Rd3 Re8 25. Kf1 Nh4 26. Re3 Kg7 27. Ke1 Bxb2 28. Kf1 Ba3 29. Ke1 Bc5 30. Kd2 Bxe3+ 31. Kxe3 Rxe2+ 32. Kd4 0-1

[Event "Karel Janecek Open 2024"]
[Site "Prague"]
[Date "2024.03.02"]
[Round "4.18"]
[White "Botez, Alexandra"]
[Black "Garcia Martinez, Marcos"]
[Result "0-1"]
[ECO "A40"]
[WhiteElo "1977"]
[BlackElo "2187"]
[Annotator "RC"]
[PlyCount "153"]
[EventDate "2024.02.22"]
[EventType "swiss"]
[EventCountry "CZE"]
[SourceTitle "playchess.com"]
[Source "ChessBase"]
[SourceQuality "1"]
[TimeControl "40/5400+30:1800+30"]

1. d4 e6 2. c4 Bb4+ 3. Bd2 Qe7 4. e4 a5 5. a3 Bxd2+ 6. Nxd2 d6 7. Ngf3 e5 8. h3 Nf6 9. Bd3 O-O 10. O-O Nh5 11. Re1 Nf4 12. Bf1 a4 13. Nb1 Nc6 14. d5 Nb8 15. Nc3 Bd7 16. Kh2 Qf6 17. g3 Ng6 18. Re3 Ne7 19. Bd3 Qh6 20. Nh4 g6 21. Bc2 f5 22. Kg2 f4 23. Rf3 Bxh3+ 24. Kxh3 g5 25. Kg2 gxh4 26. Qh1 fxg3 27. Rxf8+ Qxf8 28. fxg3 hxg3 29. Rf1 Qg7 30. Qh3 Qg6 31. Rf3 Kh8 32. Qh4 Qg7 33. Rxg3 Ng6 34. Qd8+ Qf8 35. Qxf8+ Nxf8 36. Bxa4 Ng6 37. Kf3 Na6 38. Bd7 Nc5 39. Bf5 Nd3 40. Bxg6 hxg6 41. Rxg6 Nxb2 42. Nb5 Rf8+ 43. Kg4 Rf7 44. c5 dxc5 45. Re6 Nc4 46. Re8+ Kg7 47. Rc8 Nd6 48. Nxd6 cxd6 49. Kg5 Rd7 50. Kf5 Kf7 51. a4 Ke7 52. Rh8 Rc7 53. Rh7+ Kd8 54. Rh6 Rd7 55. Ke6 Kc7 56. a5 Rg7 57. Rf6 Rh7 58. Rg6 Rd7 59. Rg3 Rh7 60. Ra3 Rh6+ 61. Ke7 b5 62. axb6+ Kxb6 63. Ra8 Kb5 64. Rb8+ Ka4 65. Rb6 c4 66. Rc6 Kb4 67. Rb6+ Kc5 68. Rc6+ Kd4 69. Rc8 c3 70. Rc6 Kxe4 71. Rxc3 Kxd5 72. Ra3 e4 73. Ra4 e3 74. Ra5+ Ke4 75. Ra4+ Kf3 76. Ra3 d5 77. Ra1 0-1